 Dungeon Crawl Stone Soup version 0.29-a0-284-gf9362112df (webtiles) character file.

Game seed: 9676919779445844948

155 spaghetti the Sneak (level 5, 0/28 HPs)
             Began as a Vampire Earth Elementalist on Mar 22, 2022.
             Was an Initiate of Gozag.
             Slain by Grinder (6 damage)
             ... while paralysed by Grinder
             ... on level 3 of the Dungeon.
             The game lasted 00:06:12 (2688 turns).

spaghetti the Sneak (Vampire Earth Elementalist)    Turns: 2688, Time: 00:06:13

Health: 0/28       AC:  3    Str:  7    XL:     5   Next: 14%
Magic:  1/8        EV:  2    Int: 20    God:    Gozag
Gold:   225        SH:  0    Dex: 14    Spells: 1/8 levels left

rFire   + . .      SeeInvis +   o - +2 dagger (protect) {short}
rCold   + + .      Faith    .   (no shield)
rNeg    + + +      Spirit   .   b - +0 robe
rPois   ∞          Reflect  +   (no helmet)
rElec   .          Harm     .   s - +0 cloak
rCorr   .          Rampage  .   (no gloves)
Will    .....                   (no boots)
Stlth   +++++.....              t - amulet of reflection
HPRegen 0.00/turn               k - ring of flight
MPRegen 0.11/turn               n - ring of protection from fire

@: paralysed, flying, bloodless, inhibited regen
A: bloodless, fangs 3, see invisible, vampiric 2
a: Bat Form, Revivify, Renounce Religion, Potion Petition, Call Merchant, Bribe
Branch


You were on level 3 of the Dungeon.
You worshipped Gozag.
Gozag was aware of your devotion.
You visited 1 branch of the dungeon, and saw 3 of its levels.

You collected 225 gold pieces.


Innate Abilities, Weirdness & Mutations

You do not regenerate when monsters are visible.
You are frail without blood (-20% HP).
You can heal yourself when you bite living creatures.
You are immune to poison.
You have razor-sharp teeth.
You have supernaturally acute eyesight. (SInv)
You are afflicted with vampirism and can become a bat while bloodless.


   Skills:
 - Level 2.1 Dodging
 + Level 6.9 Stealth
 - Level 2.0 Spellcasting
 + Level 3.1 Necromancy
 - Level 1.1 Transmutations
 - Level 3.0 Earth Magic


You had one spell level left.
You knew the following spells:

 Your Spells              Type           Power      Damage    Failure   Level
a - Sandblast             Erth           28%        2d8       4%          1
b - Passwall              Tmut/Erth      8%         N/A       11%         2
c - Animate Dead          Necr           7%         N/A       41%         4

Your spell library contained the following spells:

 Spells                   Type           Power      Damage    Failure   Level
 Animate Skeleton         Necr           28%        N/A       4%          1
 Pain                     Necr           56%        1d6       4%          1
 Vampiric Draining        Necr           14%        2d7       13%         3
 Stone Arrow              Conj/Erth      16%        3d8       26%         3
 Petrify                  Tmut/Erth      10%        N/A       56%         4
 Borgnjor's Vile Clutch   Necr/Erth      7%         N/A       77%         5
 Death Channel            Necr           7%         N/A       100%        6

Inventory:

Hand Weapons
 e - a +0 short sword {short}
   (You took it off a kobold on level 1 of the Dungeon)
 o - a +2 dagger of protection (weapon) {short}
   (You took it off a goblin on level 2 of the Dungeon)
Missiles
 a - 36 stones {throwing}
 i - 2 poisoned darts {throwing}
Armour
 b - a +0 robe (worn)
 s - a +0 cloak (worn)
   (You took it off Crazy Yiuf on level 2 of the Dungeon)
Magical Staves
 q - a staff of fire {!astaff}
   (You took it off a goblin on level 2 of the Dungeon)
Jewellery
 k - a ring of flight (left hand)
   (You found it on level 1 of the Dungeon)
 m - a ring of resist corrosion
   (You found it on level 1 of the Dungeon)
 n - a ring of protection from fire (right hand)
   (You found it on level 2 of the Dungeon)
 p - a ring of see invisible
   (You found it on level 2 of the Dungeon)
 t - an amulet of reflection (around neck)
   (You found it on level 2 of the Dungeon)
Wands
 u - a wand of flame (17)
   (You found it on level 3 of the Dungeon)
Scrolls
 h - a scroll of noise {!r}
 j - a scroll of teleportation {unknown}
 l - a scroll of enchant armour {unknown}
Potions
 c - a potion of magic
 d - a potion of attraction {unknown}
 f - a potion of flight {unknown}
 g - a potion of might {unknown}
 r - a potion of invisibility {unknown}

Dungeon Overview and Level Annotations

Branches:
Dungeon (3/15)

Altars:
Gozag
Qazlal

Shops:
D:3 (

Annotations:
D:2 Sigmund
D:3 Grinder

###...$.### ..........#
# #........#
.##..!.....##
.:.!......... ##
##....>..#####.... #
#...5........#..#
#.#...@......#.#..#
####.#.###..###.#....##
#.......##..# #.......#
#.......###.###...#.##.#
#.......................
#.........##..##..#.##.
#...............(.......
.........###<.###....#..
..................#.....


You could see Grinder.


Message History

😮 MP[-1]
You lost 1 mp, and now have 5/7 mp.
Aiming: Sandblast (safe; 4% risk of failure)
Press: ? - help, Q - select action, (/) - cycle Shift-Dir - straight line, f/p - Natasha
Aim: Natasha (almost dead, 74% to hit)
The blast of sand hits Natasha!
You kill Natasha!
Natasha screams in fury as she dies!
Your Necromancy skill increases to level 3!
You have reached level 5!
You feel clever. 😮 HP[+3] MP[-1]
You now have 28 max hp (+4).
You regained 3 hp, and now have 20/28 hp.
You now have 225 gold pieces (gained 6).
Grinder is nearby! 😕 HP[+4] MP[+4]
You regained 4 hp, and now have 24/28 hp.
Your mp is fully restored (8).
You don't have any such object.
Evoke which item? (* to show all) (? for menu, Esc to quit)
Aiming: Throw Flame
Press: ? - help, Shift-Dir - straight line, f - Grinder
Aim: Grinder (wandering, hasn't noticed you, 64% to hit)
The puff of flame misses Grinder.
Grinder shouts!
You don't have any such object.
Evoke which item? (* to show all) (? for menu, Esc to quit)
Aiming: Throw Flame
Press: ? - help, Shift-Dir - straight line, f/p - Grinder
Aim: Grinder (64% to hit)
The puff of flame hits Grinder.
Aiming: Sandblast (safe; 4% risk of failure)
Press: ? - help, Q - select action, (/) - cycle Shift-Dir - straight line, f/p - Grinder
Aim: Grinder (lightly wounded, 77% to hit)
The blast of sand hits Grinder but does no damage.
Grinder blinks! 😕 MP[-1]
You lost 1 mp, and now have 7/8 mp.
Grinder says, "FISH!"
Aiming: Sandblast (safe; 4% risk of failure)
Press: ? - help, Q - select action, (/) - cycle Shift-Dir - straight line, f - you, p - Grinder
Okay, then.
Aiming: Sandblast (safe; 4% risk of failure)
Press: ? - help, Q - select action, (/) - cycle Shift-Dir - straight line, f/p - Grinder
Aim: Grinder (lightly wounded, 77% to hit)
The blast of sand misses Grinder. 😕 MP[-1]
You lost 1 mp, and now have 6/8 mp.
Aiming: Sandblast (safe; 4% risk of failure)
Press: ? - help, Q - select action, (/) - cycle Shift-Dir - straight line, f/p - Grinder
Aim: Grinder (lightly wounded, 77% to hit)
The blast of sand hits Grinder.
Grinder closely misses you. 😕 MP[-1]
You lost 1 mp, and now have 5/8 mp.
Aiming: Sandblast (safe; 4% risk of failure)
Press: ? - help, Q - select action, (/) - cycle Shift-Dir - straight line, f/p - Grinder
Aim: Grinder (lightly wounded, 77% to hit)
The blast of sand hits Grinder!
Grinder hits you. 😮 HP[-4] MP[-1]
You take 4 damage, and now have 20/28 hp.
You lost 1 mp, and now have 4/8 mp.
Aiming: Sandblast (safe; 4% risk of failure)
Press: ? - help, Q - select action, (/) - cycle Shift-Dir - straight line, f/p - Grinder
Aim: Grinder (moderately wounded, 77% to hit)
The blast of sand hits Grinder.
Grinder hits you!
* * * LOW HITPOINT WARNING * * *
😨 HP[-8] MP[-1]
You take 8 damage, and now have 12/28 hp.
MASSIVE DAMAGE!! (PAUSE)
You lost 1 mp, and now have 3/8 mp.
Aiming: Sandblast (safe; 4% risk of failure)
Press: ? - help, Q - select action, (/) - cycle Shift-Dir - straight line, f/p - Grinder
Aim: Grinder (moderately wounded, 77% to hit)
The blast of sand hits Grinder!
You block Grinder's attack. 😨 MP[-1]
You lost 1 mp, and now have 2/8 mp.
Aiming: Sandblast (safe; 4% risk of failure)
Press: ? - help, Q - select action, (/) - cycle Shift-Dir - straight line, f/p - Grinder
Aim: Grinder (heavily wounded, 77% to hit)
The blast of sand hits Grinder!
Grinder hits you.
* * * LOW HITPOINT WARNING * * *
😨 HP[-1]
You take 1 damage, and now have 11/28 hp.
Aiming: Sandblast (safe; 4% risk of failure)
Press: ? - help, Q - select action, (/) - cycle Shift-Dir - straight line, f/p - Grinder
Aim: Grinder (severely wounded, 77% to hit)
The blast of sand hits Grinder.
Grinder gestures at you.
You suddenly lose the ability to move!
Grinder hits you.
* * * LOW HITPOINT WARNING * * *
Grinder hits you.
You die...
Your body crumbles into a pile of gold.

Skill      XL: |  1  2  3  4 |
---------------+-------------+-----
Stealth        | 4 5 6 |  6.9
Necromancy     | 1 2 3 |  3.1
Dodging        | |  2.1
Spellcasting   | |  2.0
Transmutations | |  1.1
Earth Magic    | |  3.0

Action                   |  1- 3 |  4- 6 || total
-------------------------+-------+-------++-------
Melee: Unarmed           |    19 |       ||    19
       Short sword       |    33 |       ||    33
       Bite              |     8 |     1 ||     9
       Dagger            |       |    39 ||    39
 Cast: Sandblast         |    26 |    29 ||    55
       Passwall          |       |     2 ||     2
 Abil: Exsanguinate      |       |     1 ||     1
Evoke: Wand              |       |     2 ||     2
  Use: Potion            |     1 |       ||     1
       Scroll            |       |     2 ||     2
 Stab: Sleeping          |     3 |     6 ||     9
Armor: Robe              |     8 |     9 ||    17
       Skin              |     5 |       ||     5
Dodge: Dodged            |    38 |    23 ||    61
Block: Other             |       |     9 ||     9

Levels and vault maps discovered:
D:1:      lemuel_arrival_rhombus, layout_loops_ring, chequers_big_river
D:2:      layout_basic, chequers_ecumenical_altar_island,
          kennysheep_generic_room_15, uniq_jessica, uniq_sigmund,
          uniq_crazy_yiuf_cottage
D:3:      layout_loops_ring, nicolae_qazlal_scattered_showers, serial_shops,
          shop, minivault_26, fountainhead, minmay_close_crescents,
          uniq_grinder, uniq_natasha

Notes
Turn   | Place    | Note
-------+----------+-------------------------------------------
     0 | D:1      | spaghetti the Vampire Earth Elementalist began the quest
                  | for the Orb.
     0 | D:1      | Reached XP level 1. HP: 13/13 MP: 3/3
     0 | D:1      | magus.rc [v1.9.6]
    73 | D:1      | HP: 2/13 [hobgoblin (3)]
   145 | D:1      | Reached skill level 4 in Stealth
   156 | D:1      | Reached XP level 2. HP: 19/19 MP: 0/5
   315 | D:1      | You pick up a book of Unlife and begin reading...
   315 | D:1      | You add the spells Animate Dead, Borgnjor's Vile Clutch and
                  | Death Channel to your library.
   500 | D:1      | You are sucked into a shaft and drop 1 floor!
   514 | D:2      | You pick up a book of Necromancy and begin reading...
   514 | D:2      | You add the spells Pain, Animate Skeleton and Vampiric
                  | Draining to your library.
   522 | D:2      | Noticed Jessica
   528 | D:2      | Killed Jessica
   529 | D:2      | Reached skill level 5 in Stealth
   529 | D:2      | Reached skill level 1 in Necromancy
   529 | D:2      | Gained mutation: You are afflicted with vampirism and can
                  | become a bat while bloodless. [Vampire growth]
   529 | D:2      | Reached XP level 3. HP: 19/24 MP: 4/6
   687 | D:1      | Learned a level 2 spell: Passwall
   969 | D:2      | Noticed Sigmund
  1155 | D:2      | Reached skill level 2 in Necromancy
  1157 | D:2      | Found a faded altar of an unknown god.
  1226 | D:2      | Reached XP level 4. HP: 30/30 MP: 5/7
  1280 | D:2      | Reached skill level 6 in Stealth
  1423 | D:2      | Learned a level 4 spell: Animate Dead
  1663 | D:2      | Prayed at the altar of an unknown god.
  1663 | D:2      | Became a worshipper of Gozag Ym Sagoz the Greedy
  1733 | D:2      | Found a runed translucent door.
  1734 | D:2      | Noticed Crazy Yiuf
  1823 | D:2      | Killed Crazy Yiuf
  2126 | D:3      | Noticed Grinder
  2143 | D:3      | Noticed Natasha
  2145 | D:3      | Paralysed by Grinder for 4 turns
  2588 | D:3      | Found Woudgh's Weapon Boutique.
  2595 | D:3      | Found a stormy altar of Qazlal.
  2631 | D:3      | Killed Natasha
  2632 | D:3      | Reached skill level 3 in Necromancy
  2632 | D:3      | Reached XP level 5. HP: 20/28 MP: 4/8
  2686 | D:3      | Paralysed by Grinder for 6 turns
  2687 | D:3      | HP: 6/28 [Grinder (5)]
  2688 | D:3      | Slain by Grinder

Vanquished Creatures
  Crazy Yiuf (D:2)
  Jessica (D:2)
  Natasha (D:3)
  2 adders
  A worm (D:2)
  A dart slug (D:1)
  An orc (D:3)
  3 endoplasms
  2 giant cockroaches
  6 goblins
  4 hobgoblins
  11 jackals
  5 kobolds
  A quokka (D:3)
  4 ball pythons
  3 bats
  2 frilled lizards
  3 rats
52 creatures vanquished.

Vanquished Creatures (others)
  2 plants (D:1)
2 creatures vanquished.

Grand Total: 54 creatures vanquished

Table legend:
 A = Non-vault XP
 B = Vault XP
 C = Vault XP percentage of total XP
 D = Non-vault monster count
 E = Vault monster count
 F = Vault count percentage of total count
                 A         B        C        D         E       F
            +---------+---------+-------+---------+---------+-------
      Total |     109 |     113 |  50.9 |      48 |       4 |   7.7
            +---------+---------+-------+---------+---------+-------
        D:1 |      31 |       0 |   0.0 |      17 |       0 |   0.0
        D:2 |      46 |      78 |  62.9 |      19 |       3 |  13.6
        D:3 |      32 |      35 |  52.2 |      12 |       1 |   7.7
            +---------+---------+-------+---------+---------+-------

Illustrated notes

Table legend:
 A = Kills in this place as a percentage of kills in entire the game.
 B = Kills by you in this place as a percentage of kills by you in the entire game.
 C = Kills by friends in this place as a percentage of kills by friends in the entire game.
 D = Other kills in this place as a percentage of other kills in the entire game.
 E = Experience gained in this place as a percentage of experience gained in the entire game.
 F = Experience gained in this place divided by the number of levels of this place that you have seen.
                   A       B       C       D       E      F
               +-------+-------+-------+-------+-------+----------------------
         Total | 100.0 | 100.0 |   N/A |   N/A | 100.0 |  74.0
       Dungeon | 100.0 | 100.0 |   N/A |   N/A | 100.0 |  74.0
               +-------+-------+-------+-------+-------+----------------------

Table legend: (Time is in decaauts)
 A = Elapsed time spent in this place.
 B = Non-inter-level travel time spent in this place.
 C = Inter-level travel time spent in this place.
 D = Time resting spent in this place.
 E = Time spent auto-exploring this place.
 F = Levels seen in this place.
 G = Mean time per level.
                   A        B        C        D        E       F      G
               +--------+--------+--------+--------+--------+-----+--------+
         Total |   2695 |   2511 |    184 |    310 |   1719 |   3 |  898.3 |
       Dungeon |   2695 |   2511 |    184 |    310 |   1719 |   3 |  898.3 |
               +--------+--------+--------+--------+--------+-----+--------+

Top non-repeatable levels by time:
     D:2: 1388 daAuts
     D:1: 929 daAuts
     D:3: 378 daAuts
